 Dungeon Crawl Stone Soup version 0.28.0 (webtiles) character file.

Game seed: 9444658487180748315

2486 Colgate the Schismatic (level 9, -8/48 HPs)
             Began as a Kobold Air Elementalist on Feb 13, 2022.
             Was an Elder of Lugonu.
             Mangled by a hornet zombie (11 damage)
             ... on level 7 of the Dungeon.
             The game lasted 00:42:08 (9372 turns).

Colgate the Schismatic (Kobold Air Elementalist)    Turns: 9372, Time: 00:42:09

Health: -8/48      AC:  6    Str:  5    XL:     9   Next: 81%
Magic:  3/15       EV: 19    Int: 25    God:    Lugonu [****..]
Gold:   292        SH:  0    Dex: 18    Spells: 0/16 levels left

rFire   . . .      SeeInvis .   a - +2 quarterstaff (spect)
rCold   . . .      Faith    +   (shield currently unavailable)
rNeg    . . .      Spirit   .   p - +2 robe of the Gastropod {rCorr Int+4 Dex+3}
rPois   .          Reflect  .   (no helmet)
rElec   .          Harm     .   v - +0 cloak
rCorr   +          Rampage  .   y - +0 pair of gloves
Will    .....                   (no boots)
Stlth   ++++......              k - amulet of faith
HPRegen 0.16/turn               q - ring of wizardry
MPRegen 0.14/turn               m - +4 ring of evasion

@: no status effects
A: small, no large weapons, nightstalker 3
a: Renounce Religion, Depart the Abyss, Bend Space, Banish, Corrupt


You were on level 7 of the Dungeon.
You worshipped Lugonu.
Lugonu was greatly pleased with you.
You visited 1 branch of the dungeon, and saw 7 of its levels.

You collected 292 gold pieces.

Inventory:

Hand Weapons
 a - a +2 spectral quarterstaff (weapon)
 b - a +2 dagger of freezing
 i - the +10 spear of the Unspeakable One {chaos, rPois Will+ Str-5}
   (You found it on level 2 of the Dungeon)

   Each time it hits an enemy it has a different, random effect.
   Str:       It affects your strength (-5).
   rPois:     It protects you from poison.
   Will:      It increases your willpower.
 s - a +0 arbalest
 w - a +3 quarterstaff of chaos
Missiles
 d - 266 stones
 e - 5 boomerangs
 n - 32 poisoned darts
 t - 15 bolts
 C - a throwing net
Armour
 p - the +2 robe of the Gastropod (worn) {rCorr Int+4 Dex+3}
   (You found it on level 2 of the Dungeon)

   Int:       It affects your intelligence (+4).
   Dex:       It affects your dexterity (+3).
   rCorr:     It protects you from acid and corrosion.
 v - a +0 cloak (worn)
 y - a +0 pair of gloves (worn)
Jewellery
 j - a ring of poison resistance
 k - an amulet of faith (around neck)
 m - a +4 ring of evasion (right hand)
 q - a ring of wizardry (left hand)
 r - a ring of ice
Wands
 u - a wand of flame (10)
Scrolls
 o - a scroll of noise
 B - a scroll of identify
Potions
 c - 2 potions of berserk rage {unknown}
 f - a potion of mutation {unknown}
 g - 3 potions of heal wounds
 h - 2 potions of might {unknown}
 l - 2 potions of flight
 x - a potion of lignification {unknown}
 z - a potion of magic {unknown}
 A - 3 potions of curing {unknown}


   Skills:
 - Level 1.6 Fighting
 + Level 0.0 Short Blades
 - Level 2.0 Staves
 - Level 2.4 Dodging
 - Level 6.4 Stealth
 - Level 4.0 Spellcasting
 - Level 1.0 Conjurations
 - Level 8.0 Air Magic
 - Level 8.6 Invocations


You couldn't memorise any spells.
You knew the following spells:

 Your Spells              Type           Power      Damage    Failure   Level
a - Shock                 Conj/Air       100%       1d9       1%          1
b - Static Discharge      Conj/Air       27%        N/A       1%          2
c - Swiftness             Air            45%        N/A       1%          3
d - Airstrike             Air            22%        N/A       1%          4
e - Gell's Gravitas       Tloc           5%         N/A       11%         3
f - Teleport Other        Tloc           5%         N/A       11%         3

Your spell library contained the following spells:

 Spells                   Type           Power      Damage    Failure   Level
 Sandblast                Erth           10%        2d5       3%          1
 Passwall                 Tmut/Erth      4%         N/A       6%          2
 Stone Arrow              Conj/Erth      14%        3d7       9%          3
 Lesser Beckoning         Tloc           5%         N/A       11%         3


Dungeon Overview and Level Annotations

Branches:
Dungeon (7/15)
 Temple: D:4-7

Altars:
Ashenzari
Makhleb
Qazlal
Sif Muna
Trog
Xom
Lugonu

Annotations:
D:3 raudan takana ekspaa
D:4 2 transporters, RamboRex's ghost, weakling DsAK


Innate Abilities, Weirdness & Mutations

You are small and have problems with some larger weapons.
You are completely attuned to the shadows.


Message History

Something hits you.
The hornet zombie hits you but does no damage.
Casting: Airstrike (dangerous; 1% risk of failure)
Confirm with . or Enter, or press ? or * to list all spells.
Aiming: Shock (safe; 1% risk of failure)
Press: ? - help, Shift-Dir - straight line The zap hits something!
The zap hits the hornet zombie but does no damage.
Something barely misses you.
Your +2 dagger of freezing stops glowing.
You feel a bond with your +2 spectral quarterstaff.
a - a +2 spectral quarterstaff (weapon)
The hornet zombie closely misses you. Something hits you!
You closely miss the hornet zombie.
Your +2 spectral quarterstaff hits the hornet zombie!
Something hits you but does no damage. The hornet zombie hits you.
* * * LOW HITPOINT WARNING * * *
The hornet zombie completely misses you.
You hit the hornet zombie.
The hornet zombie is moderately damaged.
Your +2 spectral quarterstaff hits the hornet zombie!
Something hits you but does no damage. The hornet zombie closely misses you.
You hit the hornet zombie but do no damage.
The hornet zombie is heavily damaged.
Your +2 spectral quarterstaff hits the hornet zombie!
Something hits you.
* * * LOW HITPOINT WARNING * * *
The hornet zombie hits you but does no damage.
The hornet zombie completely misses you.
You hit the hornet zombie.
The hornet zombie is almost destroyed.
Your +2 spectral quarterstaff hits the hornet zombie but does no damage.
Something hits you.
* * * LOW HITPOINT WARNING * * *
The hornet zombie hits you but does no damage.
You barely miss the hornet zombie.
The hornet zombie is almost destroyed.
Your +2 spectral quarterstaff barely misses the hornet zombie.
The hornet zombie hits you!
You die...

<...............#..#
####.#
###.......#######....
...... +.........
.......# ####.#
#.......### #.....###
...... #.......#
#.......# # #####.#
###.......###.#.#....
............#.#.....#
####Z#...............
...(@{{.#####.#.#.###
####.#......#.#.#....
..........†.......
##.#...######.#####
#.#.<.# ..... #...#
##.### #.... .#


You could see a hornet zombie and a friendly +2 spectral quarterstaff
(summoned).

Vanquished Creatures
  A kobold demonologist (D:5)
  Sigmund (D:5)
  An ice beast (D:7)
  A sky beast (D:7)
  A black bear (D:5)
  An ogre (D:5)
  A necrophage (D:4)
  4 kobold brigands (D:5)
  2 scorpions
  A water moccasin skeleton (D:6)
  A howler monkey (D:6)
  2 hounds
  An orc priest (D:4)
  Crazy Yiuf (D:4)
  2 iguanas
  2 jellies
  A gnoll shaman (D:7)
  A centaur skeleton (D:5)
  6 orc wizards (D:6)
  2 hound skeletons
  3 gnolls (D:7)
  6 adders
  2 adder skeletons
  3 worms
  A dart slug (D:3)
  8 orcs
  4 ball pythons
  4 endoplasms
  9 giant cockroaches
  5 goblins
  4 hobgoblins
  10 quokkas
  10 bats
  4 frilled lizards
  8 kobolds
  7 rats
121 creatures vanquished.

Notes
Turn   | Place    | Note
-------+----------+-------------------------------------------
     0 | D:1      | Colgate the Kobold Air Elementalist began the quest for the
                  | Orb.
     0 | D:1      | Reached XP level 1. HP: 10/10 MP: 3/3
   437 | D:1      | Reached XP level 2. HP: 15/15 MP: 3/5
   535 | D:1      | Learned a level 2 spell: Static Discharge
   578 | D:1      | Found a faded altar of an unknown god.
   583 | D:1      | Prayed at the altar of an unknown god.
   583 | D:1      | Became a worshipper of Lugonu the Unformed
   583 | D:1      | Reached * piety under Lugonu
   583 | D:1      | Reached ** piety under Lugonu
   888 | D:1      | Reached XP level 3. HP: 19/19 MP: 2/6
  1714 | D:1      | Learned a level 3 spell: Swiftness
  1971 | D:2      | Identified the +2 robe of the Gastropod {rCorr Int+4 Dex+3}
  2049 | D:2      | Reached skill level 1 in Staves
  2328 | D:2      | Identified the +10 spear of the Unspeakable One {chaos,
                  | rPois Will+ Str-5}
  2424 | D:2      | Reached XP level 4. HP: 24/24 MP: 7/7
  2654 | D:3      | Found a burning altar of Makhleb.
  3301 | D:3      | Noticed a moth of wrath
  3338 | D:3      | Found a bloodstained altar of Trog.
  3642 | D:4      | Reached *** piety under Lugonu
  3677 | D:4      | Reached XP level 5. HP: 27/28 MP: 8/8
  3799 | D:4      | Found a transporter.
  3802 | D:4      | Found a transporter.
  3802 | D:4      | Noticed RamboRex's ghost (weakling DsAK)
  3813 | D:4      | Reached skill level 5 in Air Magic
  3913 | D:4      | Noticed a necrophage
  3920 | D:4      | Killed a necrophage
  3921 | D:4      | Reached XP level 6. HP: 28/32 MP: 7/12
  3926 | D:4      | Learned a level 4 spell: Airstrike
  4347 | D:4      | Reached skill level 1 in Invocations
  4522 | D:4      | Found a stormy altar of Qazlal.
  4763 | D:4      | Found a runed translucent door.
  4983 | D:4      | Noticed Crazy Yiuf
  4986 | D:4      | Killed Crazy Yiuf
  5128 | D:5      | Entered Level 5 of the Dungeon
  5384 | D:5      | Noticed Sigmund
  5390 | D:5      | Killed Sigmund
  5391 | D:5      | Reached XP level 7. HP: 23/36 MP: 0/13
  6207 | D:5      | Reached skill level 5 in Invocations
  6414 | D:5      | Found a shimmering blue altar of Sif Muna.
  6417 | D:5      | Noticed a kobold demonologist
  6418 | D:5      | Found a shimmering altar of Xom.
  6418 | D:5      | Noticed a kobold demonologist
  6474 | D:5      | Reached XP level 8. HP: 23/41 MP: 6/14
  6640 | D:5      | Killed a kobold demonologist
  6642 | D:5      | Banished a kobold demonologist
  6804 | D:5      | Reached XP level 9. HP: 45/45 MP: 15/15
  7080 | D:5      | Reached skill level 1 in Fighting
  7253 | D:5      | Learned a level 3 spell: Gell's Gravitas
  7257 | D:5      | Learned a level 3 spell: Teleport Other
  7745 | D:6      | Noticed a troll
  7772 | D:6      | Banished a troll
  8472 | D:6      | Reached **** piety under Lugonu
  8594 | D:6      | Found a broken altar of Ashenzari.
  9121 | D:7      | Reached skill level 5 in Stealth
  9372 | D:7      | Mangled by a hornet zombie

Illustrated notes

Levels and vault maps discovered:
D:1:      roderic_octagonal_star, layout_loops_ring,
          shapermc_ecumenical_altar_acropolis, minmay_misc_feat_encased,
          minmay_misc_feat_room, supply_closet_lemuel,
          chequers_serial_rivers_room_a, minmay_ruptured
D:2:      layout_basic
D:3:      layout_basic, mainiacjoe_overflow_catwalk, tgw_trog, serial_curves,
          eino_curves_01, eino_curves_03
D:4:      layout_loops_cross, nicolae_qazlal_eye_of_the_storm,
          gammafunk_ghost_arena, uniq_crazy_yiuf_cottage
D:5:      layout_basic, grunt_temple_overflow_open, gup_sewer_entry_pipe,
          uniq_sigmund
D:6:      layout_gridville, lemuel_round_altar,
          minmay_a_box_with_orc_wizards_in_it
D:7:      layout_basic, minmay_temple_entry_from_below_a, grunt_decor_cap

Skill      XL: |  1  2  3  4  5  6  7  8  9 |
---------------+----------------------------+-----
Air Magic      | 4 5 8 |  8.0
Staves         | 1 2 |  2.0
Spellcasting   | 4 |  4.0
Invocations    | 4 6 8 |  8.6
Stealth        | 3 6 |  6.4
Fighting       | 1 |  1.6
Dodging        | |  2.4
Conjurations   | |  1.0

Action                   |  1- 3 |  4- 6 |  7- 9 || total
-------------------------+-------+-------+-------++-------
Melee: Dagger            |    15 |    23 |    18 ||    56
       Quarterstaff      |    13 |    28 |    46 ||    87
       Punch             |       |       |     1 ||     1
 Cast: Shock             |    28 |    12 |     3 ||    43
       Static Discharge  |     2 |     3 |     1 ||     6
       Airstrike         |       |     5 |    35 ||    40
       Swiftness         |       |     1 |     2 ||     3
       Gell's Gravitas   |       |       |     2 ||     2
Invok: Bend Space        |       |     1 |    20 ||    21
       Banish            |       |       |     3 ||     3
  Use: Scroll            |       |     5 |     3 ||     8
 Stab: Sleeping          |    13 |    20 |    14 ||    47
       Distracted        |       |     1 |       ||     1
Armor: Robe              |       |     7 |    13 ||    20
Dodge: Dodged            |    23 |    30 |    49 ||   102
